 Dungeon Crawl Stone Soup version 0.25-a0-10-g2fe12d4386 (webtiles) character file.

Game seed: 4307407570674027708, levelgen mode: deterministic

3728 MrRokkomies the Slicer (level 10, -15/71 HPs)
             Began as a Halfling Fighter on Oct 15, 2019.
             Was a Believer of Dithmenos.
             Demolished by an orc knight
             ... wielding a +0 war axe
              (17 damage)
             ... in a bailey.
             The game lasted 00:19:34 (7845 turns).

MrRokkomies the Slicer (Halfling Fighter)           Turns: 7845, Time: 00:19:34

Health: -15/71     AC: 12    Str: 23    XL:     10   Next: 36%
Magic:  12/14      EV: 10    Int:  6    God:    Dithmenos [**....]
Gold:   182        SH: 10    Dex: 17    Spells: 9/9 levels left

rFire    + . .     SeeInvis .   a - +6 rapier of the Thirsty Ghosts {venom, +Rage +Inv rPois rC+}
rCold    + . .     Gourm    .   c - +0 shield
rNeg     . . .     Faith    .   k - +1 ring mail {rF+}
rPois    +         Spirit   .   o - +2 helmet
rElec    .         Reflect  .   B - +0 cloak
rCorr    .         Harm     .   t - +0 pair of gloves
MR       .....                  (no boots)
Stlth    +.........             (no amulet)
HPRegen  0.21/turn              (no ring)
MPRegen  0.14/turn              (no ring)

@: mighty, contaminated, glowing, invisible (but backlit and visible)
A: small, mutation resistance 1
a: Shadow Step, Renounce Religion, Evoke Berserk Rage


You were in a bailey.
You worshipped Dithmenos.
Dithmenos was pleased with you.
You were hungry.

You visited 2 branches of the dungeon, and saw 8 of its levels.
You also visited: Sewer and Bailey.

You collected 182 gold pieces.

Inventory:

Hand Weapons
 a - the +6 rapier of the Thirsty Ghosts (weapon) {venom, +Rage +Inv rPois rC+}
   (You found it on level 6 of the Dungeon)

   It poisons the flesh of those it strikes.
   It protects you from cold.
   It protects you from poison.
   It lets you turn invisible.
   It lets you go berserk.
 b - a +0 hunting sling
Missiles
 e - 12 poisoned darts (quivered)
 n - 328 stones
 p - 20 sling bullets
Armour
 c - a +0 shield (worn)
 k - a +1 ring mail of fire resistance (worn)
 o - a +2 helmet (worn)
 t - a +0 pair of gloves (worn)
 B - a +0 cloak (worn)
Jewellery
 m - an uncursed ring of ice
 y - a +5 ring of strength
Scrolls
 j - 2 scrolls of teleportation
 v - a scroll of enchant armour
 w - a scroll of identify
 x - a scroll of magic mapping
Potions
 h - 2 potions of invisibility
 i - a potion of flight
 l - a potion of ambrosia
 q - 4 potions of haste
 r - 6 potions of curing
 s - 3 potions of heal wounds
 u - a potion of mutation {unknown}
 z - a potion of magic {unknown}
 A - a potion of lignification
Comestibles
 f - 9 rations


   Skills:
 - Level 7.1 Fighting
 * Level 11.0 Short Blades
 + Level 8.9 Slings
 - Level 3.2 Armour
 - Level 3.2 Shields
 * Level 5.3 Evocations


You had 9 spell levels left.
You didn't know any spells.
Your spell library was empty.

Dungeon Overview and Level Annotations

Branches:
Dungeon (7/15)             Temple (1/1) D:4           Sewer (visited)
 Bailey (1/1)

Altars:
Ashenzari
Cheibriados
Dithmenos
Elyvilon
Fedhas
Gozag
Hepliaklqana
Kikubaaqudgha
Makhleb
Okawaru
Qazlal
Ru
Sif Muna
Trog
Uskayaw
Vehumet
Xom
Yredelemnul
Zin
The Shining One

Shops:
D:7 %


Innate Abilities, Weirdness & Mutations

You are small and have problems with some larger weapons.
You are somewhat resistant to further mutation.


Message History

The orc knight looks as sick as possible!
The orc knight is lightly wounded.
You completely miss the orc knight.
The orc knight is moderately wounded.
You block the orc knight's attack.
You feel very mighty all of a sudden.
The orc knight hits you with a +0 war axe!
You closely miss the orc knight.
The orc knight is moderately wounded.
You block the orc knight's attack.
You hit the orc knight.
The orc knight is moderately wounded.
You closely miss the orc knight.
The orc knight is moderately wounded.
The orc knight hits you with a +0 war axe!!
* * * LOW HITPOINT WARNING * * *
You completely miss the orc knight.
The orc knight is moderately wounded.
The orc knight hits you with a +0 war axe!
You die...

!!........8# #
?.........8# #
\....⌠.....+ #
?.........8 #
?!........ #
#?....... ### ##
#....g###.### ###.
#o#.....### ###...
##@).......###.....
#...........#......
#...........#......
#.....⌠.....#.....⌠
#.......))).'......
#.......).).#......
##......)).###.....
###.....### ###...
###.### ###.


You could see an orc knight and a hobgoblin.

Vanquished Creatures
  An orc knight (Bailey)
  2 ice beasts
  A sky beast (D:6)
  4 orc warriors
  A centaur (D:5)
  3 ogres
  8 big kobolds (Sewer)
  2 bullfrogs (D:6)
  A scorpion (D:4)
  4 killer bees (D:7)
  3 wights (D:7)
  A howler monkey (D:6)
  5 crimson imps
  A bullfrog zombie (D:6)
  A jelly (D:5)
  A gnoll shaman (D:6)
  3 orc priests
  3 hounds
  A bullfrog skeleton (D:6)
  An iguana (D:6)
  7 orc wizards
  4 worker ants
  A howler monkey zombie (D:5)
  A worker ant zombie (D:5)
  A howler monkey skeleton (D:6)
  11 adders
  10 gnolls
  A river rat (Sewer)
  4 oozes
  4 worms
  An adder skeleton (D:6)
  2 dart slugs
  3 leopard geckos
  32 orcs
  9 bats
  5 giant cockroaches
  18 goblins
  14 hobgoblins
  9 jackals
  11 kobolds
  3 quokkas
  8 ball pythons
  3 frilled lizards
  A leopard gecko skeleton (D:5)
  A quokka skeleton (D:4)
  14 rats
225 creatures vanquished.

Vanquished Creatures (others)
  An orc (D:3)
1 creature vanquished.

Grand Total: 226 creatures vanquished

Notes
Turn   | Place    | Note
-------+----------+-------------------------------------------
     0 | D:1      | MrRokkomies the Halfling Fighter began the quest for the
                  | Orb.
     0 | D:1      | Reached XP level 1. HP: 15/15 MP: 1/1
   190 | D:1      | Reached XP level 2. HP: 7/20 MP: 2/2
   193 | D:1      | Reached skill level 3 in Short Blades
   490 | D:1      | Reached XP level 3. HP: 16/26 MP: 3/3
   982 | D:1      | Reached skill level 1 in Slings
  1271 | D:2      | Reached XP level 4. HP: 31/31 MP: 4/4
  1370 | D:2      | Reached skill level 4 in Short Blades
  1708 | D:3      | Reached XP level 5. HP: 37/37 MP: 5/5
  2147 | D:3      | Found a glowing drain.
  2174 | D:3      | Reached skill level 5 in Short Blades
  2174 | D:3      | Reached XP level 6. HP: 40/43 MP: 6/6
  2191 | Sewer    | Entered a sewer
  2345 | Sewer    | Reached XP level 7. HP: 49/49 MP: 7/7
  2517 | Sewer    | Reached skill level 6 in Short Blades
  2540 | Sewer    | Reached skill level 5 in Fighting
  2971 | Sewer    | Reached XP level 8. HP: 50/56 MP: 8/8
  3061 | Sewer    | Reached skill level 7 in Short Blades
  3061 | Sewer    | Reached skill level 5 in Slings
  3343 | D:3      | Found a snail-covered altar of Cheibriados.
  3662 | D:4      | Found a glowing silver altar of Zin.
  3961 | D:4      | Found a staircase to the Ecumenical Temple.
  3970 | Temple   | Entered the Ecumenical Temple
  4173 | Temple   | Became a worshipper of Dithmenos the Shadowed
  4429 | D:5      | Entered Level 5 of the Dungeon
  5039 | D:5      | Reached skill level 8 in Short Blades
  5455 | D:5      | Found a hazy altar of Hepliaklqana.
  5455 | D:5      | Found an ancient bone altar of Kikubaaqudgha.
  5559 | D:5      | Found a basalt altar of Yredelemnul.
  5656 | D:6      | Reached XP level 9. HP: 18/63 MP: 9/9
  6043 | D:6      | Got a transparent rapier
  6044 | D:6      | Identified the +6 rapier of the Thirsty Ghosts {venom,
                  | +Rage +Inv rPois rC+} (You found it on level 6 of the
                  | Dungeon)
  6154 | D:6      | Reached skill level 9 in Short Blades
  6318 | D:6      | Reached skill level 1 in Evocations
  6831 | D:6      | Reached * piety under Dithmenos
  6941 | D:6      | Found a glowing golden altar of the Shining One.
  7263 | D:7      | Found a blossoming altar of Fedhas.
  7265 | D:7      | Found Irhyusegych's Food Shop.
  7301 | D:7      | Reached skill level 10 in Short Blades
  7350 | D:7      | Reached XP level 10. HP: 45/71 MP: 12/12
  7362 | D:7      | Found a flagged portal.
  7477 | Bailey   | Entered a bailey
  7584 | Bailey   | Reached ** piety under Dithmenos
  7806 | Bailey   | Noticed an orc knight
  7811 | Bailey   | Noticed an orc knight
  7830 | Bailey   | Killed an orc knight
  7830 | Bailey   | Reached skill level 11 in Short Blades
  7830 | Bailey   | Reached skill level 5 in Evocations
  7844 | Bailey   | HP: 1/71 [orc knight/+0 war axe (26)]
  7845 | Bailey   | Demolished by an orc knight

Levels and vault maps discovered:
D:1:      nzn_arrival_depleted_hourglass, layout_basic
D:2:      layout_rooms, corexii_hall_statues_u
D:3:      layout_loops_ring, cheibriados_altar_1, portal_sewer_entry_a,
          minmay_misc_feat_nine_boxes
D:4:      layout_loops_ring, nicolae_overflow_hidden_temple, temple_hall,
          first_ration, st_stairs_14
D:5:      layout_loops_ring, marbit_many_paths,
          gammafunk_temple_overflow_elements, kennysheep_generic_room_16
D:6:      layout_basic, nicolae_overflow_crystal_walls
D:7:      layout_cave_pools, fedhas_ov_isle_minmay,
          nemelex_xobeh_ov_fountains_minmay, biasface_ghost_orc_armoury,
          enter_bailey_3, serial_shops, shop, grunt_ogre_cave
Temple:   nicolae_temple_figure_eight
Bailey:   bailey_axe_minmay_hex_keep, bailey

Skill      XL: |  1  2  3  4  5  6  7  8  9 10 |
---------------+-------------------------------+-----
Fighting       | 3 4 5 6 7 |  7.1
Short Blades   | 3 4 5 6 8 10 11 | 11.0
Slings         | 1 2 3 4 6 8 |  8.9
Evocations     | 3 5 |  5.3
Armour         | |  3.2
Shields        | |  3.2

Action                   |  1- 3 |  4- 6 |  7- 9 | 10-12 || total
-------------------------+-------+-------+-------+-------++-------
Melee: Rapier            |   106 |   197 |   246 |    99 ||   648
       Short sword       |       |       |   292 |       ||   292
 Fire: Hunting sling     |     3 |    17 |   141 |       ||   161
Throw: Dart              |     7 |       |       |       ||     7
 Abil: Evoke Invisibilit |       |       |       |     4 ||     4
  Use: Scroll            |     4 |     4 |    15 |       ||    23
       Potion            |       |       |     1 |     2 ||     3
 Stab: Invisible         |       |       |       |    14 ||    14
  Eat: Chunk             |     1 |     4 |    17 |     2 ||    24
Armor: Ring mail         |    47 |    96 |   155 |    13 ||   311
       Scale mail        |     5 |       |       |       ||     5
Dodge: Dodged            |    52 |    78 |   141 |    22 ||   293
Block: Shield            |    70 |   102 |   206 |    51 ||   429

Table legend:
 A = Non-vault XP
 B = Vault XP
 C = Vault XP percentage of total XP
 D = Non-vault monster count
 E = Vault monster count
 F = Vault count percentage of total count
                 A         B        C        D         E       F
            +---------+---------+-------+---------+---------+-------
      Total |    3155 |    2171 |  40.8 |     151 |      74 |  32.9
            +---------+---------+-------+---------+---------+-------
        D:1 |      57 |       0 |   0.0 |      23 |       0 |   0.0
        D:2 |      76 |       0 |   0.0 |      21 |       0 |   0.0
        D:3 |     222 |       7 |   3.1 |      35 |       6 |  14.6
        D:4 |     228 |      40 |  14.9 |      11 |       1 |   8.3
        D:5 |     325 |      46 |  12.4 |      11 |       2 |  15.4
        D:6 |    1475 |       0 |   0.0 |      37 |       0 |   0.0
        D:7 |     772 |       8 |   1.0 |      13 |       4 |  23.5
      Sewer |       0 |     884 | 100.0 |       0 |      28 | 100.0
     Bailey |       0 |    1186 | 100.0 |       0 |      33 | 100.0
            +---------+---------+-------+---------+---------+-------
